Map: Dusk Towers

Players

Miszu

  • Race: Terran Terran
  • League: Master

Vincent - Winner!

  • Race: Zerg Zerg
  • League: Master

VOD

Have the link to the VOD?

Description

Time

  • Played on: April 20, 2016, 3:20 p.m.
  • Length: 16:22
Show
View Real Time Build Order
Export as new Build Order

Miszu Terran 

Build Orders: Reaper Expand, Bio Mine 

Get SALT Encoding   

  12  0:01  SCV  
  13  0:13  SCV  
  14  0:17  Supply Depot  
  14  0:25  SCV  
  15  0:39  SCV  
  15  0:41  Barracks  
  16  0:43  Refinery  
  16  0:51  SCV  
  17  1:03  SCV  
  18  1:15  SCV  
  19  1:30  Reaper, Orbital Command  
  20  1:42  Command Center  
  20  1:51  Supply Depot  
  20  1:56  SCV  
  21  2:02  Marine  
  21  2:08  SCV  
  23  2:15  Factory  
  23  2:20  SCV  
  23  2:22  Barracks Reactor  
  24  2:32  SCV  
  25  2:41  Command Center  
  25  2:45  SCV  
  26  2:54  Orbital Command  
  26  2:57  SCV  
  27  3:04  Barracks  
  27  3:10  SCV  
  27  3:12  Barracks Tech Lab  
  28  3:21  Hellion x2  
  28  3:22  SCV  
  28  3:23  SCV  
  34  3:34  Stimpack, SCV  
  33  3:35  Marine, SCV  
  33  3:39  Refinery  
  36  3:46  SCV  
  36  3:47  SCV  
  38  3:53  Factory Reactor, Orbital Command  
  38  3:58  Barracks, SCV  
  38  3:59  SCV  
  38  4:01  Marine x2  
  38  4:02  Marine  
  43  4:11  SCV x2  
  45  4:19  Engineering Bay, Marine x2  
  45  4:20  Engineering Bay  
  45  4:23  SCV x2  
  49  4:25  Marine, Orbital Command  
  49  4:26  Refinery x2  
  50  4:35  SCV  
  50  4:37  Marine x2  
  50  4:38  Starport  
  53  4:39  SCV, Factory Reactor  
  53  4:43  Marine  
  55  4:47  SCV  
  55  4:50  SCV  
  55  4:51  SCV  
  59  4:57  Barracks  
  59  4:58  Barracks  
  59  4:59  SCV  
  60  5:06  SCV x2  
  61  5:07  Supply Depot  
  61  5:10  Terran Infantry Weapons Level 1, Terran Infantry Armor Level 1  
  61  5:14  SCV  
  62  5:15  Supply Depot  
  62  5:16  Marine  
  62  5:18  SCV x2  
  65  5:24  Factory Reactor  
  65  5:25  Supply Depot  
  65  5:26  SCV  
  66  5:30  SCV x2  
  66  5:33  Medivac  
  66  5:34  Medivac  
  66  5:35  Supply Depot  
  72  5:37  Marine, Combat Shields  
  72  5:38  Marine, SCV  
  72  5:42  SCV  
  76  5:45  Armory  
  76  5:46  SCV  
  76  5:49  Barracks Reactor x2  
  77  5:50  SCV  
  77  5:53  Marine  
  77  5:54  Marine x2, SCV  
  82  5:58  Supply Depot  
  83  6:04  SCV  
  83  6:07  Barracks  
  83  6:08  Barracks  
  83  6:10  Barracks  
  83  6:13  SCV x2  
  83  6:16  SCV  
  86  6:18  Marine x2  
  86  6:19  Marine x2  
  86  6:23  Supply Depot  
  86  6:25  Supply Depot, SCV x2  
  92  6:28  SCV  
  93  6:34  Marine x2  
  93  6:35  Medivac x2  
  93  6:36  Widow Mine x2  
  93  6:38  SCV  
  93  6:39  SCV  
  105  6:40  SCV  
  105  6:41  Marine x3  
  109  6:48  Supply Depot, Marine x2  
  109  6:52  Supply Depot  
  102  7:04  Marine  
  102  7:05  Marine x2, Barracks Tech Lab  
  102  7:06  Barracks Tech Lab x2, Widow Mine x2  
  102  7:07  Medivac x2  
  113  7:11  Factory, Terran Infantry Armor Level 2, Refinery  
  113  7:14  Marine x4  
  113  7:15  Marine  
  119  7:17  Supply Depot  
  119  7:21  Terran Infantry Weapons Level 2  
  118  7:23  Missile Turret  
  118  7:25  Missile Turret  
  118  7:29  Missile Turret  
  118  7:30  Marine  
  118  7:31  Marauder x3  
  118  7:36  Marauder, Concussive Shells  
  127  7:39  Supply Depot  
  127  7:42  Supply Depot  
  127  7:43  Marine  
  127  7:44  Marine  
  129  7:49  Marine x5  
  134  7:52  Marauder x2  
  134  7:53  Marine  
  134  7:54  Marauder  
  134  7:55  Factory Tech Lab  
  134  7:57  Marine  
  142  8:01  Marine x2  
  142  8:02  Widow Mine  
  146  8:07  Marine x3  
  146  8:08  Supply Depot x2  
  146  8:12  Supply Depot  
  149  8:13  Marauder  
  149  8:14  Drilling Claws, Marauder  
  149  8:15  Thor  
  159  8:32  Widow Mine x2  
  159  8:34  Marine x11, Marauder  
  154  8:39  Supply Depot x2  
  164  8:42  Medivac  
  166  8:51  Marine  
  166  8:52  Marine x4  
  166  8:53  Marine, Marauder x3  
  178  8:58  Marine  
  179  9:05  Marine  
  179  9:06  Marauder, Widow Mine x2  
  179  9:07  Command Center  
  188  9:10  Marine  
  188  9:11  Marine x4  
  188  9:14  Marauder  
  188  9:15  Thor  
  139  9:30  Marine x8, Marauder  
  129  9:35  Widow Mine  
  129  9:38  Terran Infantry Armor Level 3  
  131  9:39  Terran Infantry Weapons Level 3  
  131  9:48  Marine x3, Marauder  
  131  9:49  Marine x7  
  131  9:51  Marine  
  131  9:52  Widow Mine  
  132  9:57  Widow Mine  
  123  10:00  Medivac  
  123  10:04  Hellion  
  123  10:06  Marine  
  112  10:22  Widow Mine  
  112  10:23  Medivac  
  112  10:24  Command Center, Marauder x3  
  112  10:25  Widow Mine  
  112  10:26  Marine  
  125  10:29  Widow Mine  
  125  10:30  Medivac  
  125  10:31  Marauder  
  125  10:32  Marine  
  132  10:40  Marine x6  
  138  10:44  Marine  
  139  10:50  Widow Mine  
  139  10:53  Widow Mine  
  139  10:56  Medivac, Marauder  
  149  10:57  Marauder x3  
  149  10:58  Widow Mine  
  149  11:13  Marine  
  149  11:14  Marine x7  
  149  11:18  Marine x2, Marauder x2  
  161  11:19  Widow Mine  
  161  11:22  Widow Mine  
  167  11:28  Thor  
  167  11:31  Marine  
  166  11:36  Marauder  
  166  11:39  Marine x4  
  142  11:42  Medivac x2  
  142  11:43  Marine, Marauder  
  149  11:47  Widow Mine  
  149  11:48  Marine x3, Marauder  
  149  11:49  Marine  
  149  11:50  Widow Mine  
  159  11:58  Marine x4, Marauder  
  159  12:01  Marine  
  165  12:04  Marine  
  165  12:05  Marine  
  165  12:06  Marine x2  
  165  12:07  Marauder  
  172  12:09  Marine  
  172  12:10  Widow Mine  
  172  12:12  Medivac x2  
  170  12:16  Marine x2  
  170  12:19  Marine  
  170  12:20  Marauder  
  171  12:23  Marauder  
  171  12:27  Marauder  
  171  12:28  Marine, Marauder  
  169  12:30  Marine  
  164  12:41  Marauder  
  153  12:44  Marine, Marauder  
  153  12:49  Marauder  
  153  12:50  Marine x3, Marauder  
  153  12:51  Marine x2  
  139  12:52  Marine x2  
  124  12:58  Widow Mine x2  
  124  13:02  Marine, Marauder  
  125  13:05  Marine  
  125  13:08  Marine x3  
  125  13:09  Marine x4  
  125  13:10  Marauder  
  125  13:12  Marauder  
  132  13:18  Liberator x2  
  130  13:20  Marine  
  130  13:23  Marine x2  
  130  13:26  Marine x3  
  130  13:27  Marine x3, Widow Mine  
  136  13:33  Widow Mine  
  136  13:34  Thor  
  143  13:36  Marauder  
  157  13:51  SCV  
  158  14:00  Liberator  
  156  14:07  Marauder  
  148  14:12  Orbital Command  
  148  14:16  Marauder  
  147  14:22  Marauder  
  147  14:23  Liberator  
  146  14:26  Marauder  
  138  14:37  Marauder  
  118  14:42  Marine x2, Marauder  
  118  14:43  Marine x6  
  118  14:44  Marauder  
  133  14:48  Marauder  
  133  14:58  Marauder  
  135  15:00  Marine x2  
  135  15:01  Marine x2  
  135  15:02  Marine  
  135  15:04  Marauder  
  138  15:16  Marine, Marauder x2  
  138  15:17  Marine x2  
  138  15:18  Marine x2  
  138  15:19  Marine x3  
  138  15:20  Marine  
  151  15:25  Marine  
  146  15:34  Marine x3  
  149  15:36  Marine x4  
  149  15:37  Marine x2  
  149  15:38  Marauder  
  148  15:48  Marauder  
  148  15:49  Marine  
  150  15:52  Marine x3  
  150  15:54  Marine x4  
  150  15:55  Marauder x2  
Show
View Real Time Build Order
Export as new Build Order

Vincent Zerg - Winner!

Build Orders: Hatch First, Muta Ling Bane 

Get SALT Encoding   

  12  0:01  Drone  
  13  0:13  Overlord  
  13  0:16  Drone  
  14  0:31  Drone x2  
  14  0:35  Drone  
  17  0:52  Hatchery  
  17  0:55  Drone  
  17  0:58  Drone  
  18  1:09  Extractor  
  17  1:12  Spawning Pool  
  17  1:16  Drone  
  17  1:19  Drone  
  18  1:28  Drone  
  19  1:39  Overlord  
  19  1:50  Drone  
  20  1:59  Queen  
  20  2:01  Zergling x2  
  23  2:03  Queen  
  23  2:04  Zergling x2  
  26  2:09  Metabolic Boost  
  26  2:12  Drone  
  26  2:14  Drone  
  28  2:22  Drone  
  29  2:25  Drone  
  30  2:34  Overlord, Queen  
  32  2:43  Drone  
  33  2:48  Drone x2  
  35  2:54  Pneumatized Carapace  
  35  2:56  Drone  
  36  3:00  Drone  
  37  3:08  Drone  
  37  3:09  Overlord  
  38  3:21  Drone  
  38  3:22  Drone x5  
  44  3:36  Hatchery  
  43  3:44  Drone x7  
  50  3:48  Evolution Chamber  
  50  3:50  Evolution Chamber  
  50  3:53  Overlord  
  50  3:54  Overlord  
  48  3:58  Drone x3  
  51  4:04  Overlord  
  51  4:07  Extractor  
  51  4:08  Overlord  
  50  4:16  Zergling x2  
  51  4:17  Queen  
  51  4:21  Zerg Ground Armor Level 1  
  51  4:22  Zerg Melee Weapons Level 1  
  53  4:25  Drone x3  
  56  4:35  Drone x5  
  61  4:43  Drone  
  62  4:48  Queen  
  62  4:52  Lair  
  64  4:55  Drone x5  
  64  4:56  Drone  
  70  5:00  Overlord, Drone  
  70  5:01  Drone x2  
  70  5:05  Extractor  
  70  5:06  Extractor, Drone  
  72  5:07  Baneling Nest, Extractor  
  72  5:08  Extractor, Drone  
  70  5:24  Drone x6  
  76  5:32  Overlord  
  76  5:35  Drone x7  
  83  5:43  Drone  
  83  5:49  Hatchery  
  83  5:51  Spire  
  83  5:52  Hatchery  
  83  5:53  Centrifical Hooks  
  81  5:59  Zergling x10  
  86  6:07  Zergling x14  
  93  6:13  Baneling x5  
  93  6:17  Zerg Ground Armor Level 2  
  93  6:18  Zerg Melee Weapons Level 2  
  92  6:27  Zergling x14  
  99  6:33  Baneling x8  
  99  6:34  Overlord  
  99  6:35  Overlord  
  99  6:43  Overlord x2  
  99  6:52  Zergling x16  
  98  7:05  Drone x6  
  98  7:07  Queen  
  106  7:18  Overlord, Mutalisk  
  106  7:19  Mutalisk x8  
  124  7:23  Zergling x8  
  124  7:26  Baneling  
  124  7:27  Baneling x5  
  128  7:32  Overlord  
  128  7:41  Drone x7  
  135  7:45  Zerg Flyer Weapons Level 1  
  135  7:47  Infestation Pit  
  135  7:48  Overseer  
  135  7:49  Zergling x10  
  135  7:50  Zergling x8  
  143  7:53  Baneling x7  
  143  7:57  Zergling x10  
  148  8:07  Drone x2  
  148  8:12  Baneling  
  150  8:13  Baneling x12  
  150  8:14  Zergling x8  
  150  8:16  Hatchery  
  151  8:31  Zergling x2  
  151  8:32  Zergling x28  
  158  8:36  Hive  
  158  8:39  Baneling  
  158  8:40  Baneling x10  
  158  8:45  Baneling  
  158  8:46  Baneling x3  
  158  8:48  Overlord x6  
  158  8:52  Extractor x2  
  158  8:54  Baneling  
  158  8:55  Baneling x5  
  156  9:05  Overlord  
  156  9:06  Overlord  
  156  9:11  Overlord  
  156  9:12  Zergling x10  
  156  9:13  Zergling x20  
  132  9:25  Zergling x2  
  132  9:26  Zergling x20  
  135  9:33  Baneling x4  
  135  9:36  Zergling x8  
  139  9:40  Zergling x2  
  139  9:41  Zergling x4  
  140  9:48  Zergling x8  
  140  9:52  Baneling x5  
  143  9:53  Baneling x3  
  140  10:01  Zergling x18  
  140  10:06  Zergling x4  
  140  10:07  Zergling x8  
  147  10:09  Mutalisk  
  147  10:10  Mutalisk  
  140  10:14  Adrenal Glands  
  140  10:17  Ultralisk Cavern  
  135  10:21  Zerg Ground Armor Level 3  
  135  10:22  Zerg Melee Weapons Level 3, Zergling x10  
  135  10:27  Baneling x2  
  135  10:28  Baneling x2  
  139  10:31  Baneling x3  
  139  10:34  Drone x4  
  139  10:35  Drone x3  
  146  10:39  Zergling x2  
  146  10:40  Zergling x8  
  146  10:41  Baneling  
  146  10:42  Baneling x7  
  149  10:50  Zergling x2  
  149  10:51  Zergling x20  
  156  11:00  Zergling x16  
  163  11:05  Overlord  
  163  11:08  Queen  
  161  11:11  Baneling x9  
  161  11:12  Zergling x8, Baneling  
  161  11:13  Zergling x6  
  161  11:14  Chitinous Plating  
  167  11:24  Ultralisk x2  
  163  11:39  Ultralisk  
  147  11:40  Ultralisk  
  147  11:42  Drone  
  147  11:43  Drone x4  
  152  11:53  Baneling x9  
  152  11:54  Baneling  
  150  11:56  Zergling x14  
  157  12:05  Hatchery  
  157  12:07  Ultralisk  
  162  12:11  Zergling x18  
  162  12:18  Zergling x14  
  167  12:28  Overseer  
  150  12:30  Zergling x10  
  150  12:31  Zergling x16  
  162  12:38  Zergling x4  
  162  12:39  Zergling x10  
  156  12:46  Ultralisk  
  156  12:47  Zergling x10  
  153  12:53  Zergling x8  
  152  13:01  Ultralisk  
  152  13:02  Zergling x2, Ultralisk  
  151  13:21  Ultralisk x3  
  169  13:31  Ultralisk  
  169  13:34  Mutalisk x2  
  175  13:37  Baneling x5  
  175  13:38  Baneling x6  
  175  13:39  Zergling x8  
  183  13:44  Drone x4  
  187  13:50  Zergling x16  
  186  14:11  Zergling x2, Ultralisk  
  186  14:16  Zergling x2  
  186  14:17  Zergling x16  
  192  14:36  Corruptor x2  
  192  14:37  Corruptor x6  
  175  14:43  Hatchery  
  172  14:58  Zergling x2  
  172  14:59  Zergling x32  
  182  15:22  Drone x3  
  182  15:31  Baneling x6  
  182  15:32  Baneling x7  
  182  15:37  Spore Crawler  
  182  15:41  Ultralisk x3  
Tags
 
Add a new tag
Caveats
  • Supply blocks, unpowered buildings, or Contaminate may cause inaccurate times.
  • Supply counts are checked every 10 seconds.